 Dungeon Crawl Stone Soup version 0.28.0-53-g5a82cb258f (webtiles) character file.

Game seed: 14346671869210498824

1061 Zeld the Thaumaturge (level 8, -5/41 HPs)
             Began as a Deep Elf Conjurer on May 24, 2022.
             Killed from afar by Ijyb (29 damage)
             ... with a bolt of acid
             ... on level 5 of the Dungeon.
             The game lasted 00:07:25 (6252 turns).

Zeld the Thaumaturge (Deep Elf Conjurer)            Turns: 6252, Time: 00:07:25

Health: -5/41      AC:  6    Str:  4    XL:     8   Next: 6%
Magic:  16/22      EV: 12    Int: 26    God:
Gold:   153        SH:  5    Dex: 13    Spells: 9/23 levels left

rFire   . . .      SeeInvis +   (no weapon)
rCold   . . .      Faith    .   (no shield)
rNeg    . . .      Spirit   .   t - +2 leather armour {rPois}
rPois   +          Reflect  +   j - +0 helmet
rElec   .          Harm     .   (no cloak)
rCorr   .          Rampage  .   (no gloves)
Will    .....                   (no boots)
Stlth   ++........              e - amulet of reflection
HPRegen 0.13/turn               d - ring of see invisible
MPRegen 0.18/turn               n - ring of poison resistance

@: no status effects
A: no striking features
a: no special abilities


You were on level 5 of the Dungeon.
You visited 1 branch of the dungeon, and saw 5 of its levels.

You collected 153 gold pieces.

Inventory:

Armour
 j - a +0 helmet (worn)
 t - a +2 leather armour of poison resistance (worn)
Jewellery
 d - a ring of see invisible (left hand)
 e - an amulet of reflection (around neck)
 n - a ring of poison resistance (right hand)
Scrolls
 a - a scroll of acquirement {unknown}
 f - a scroll of magic mapping {unknown}
 g - a scroll of summoning {unknown}
 h - a scroll of enchant weapon {unknown}
 k - 4 scrolls of noise {unknown}
 p - a scroll of fear {unknown}
 s - 3 scrolls of fog {unknown}
Potions
 b - a potion of haste {unknown}
 c - a potion of might {unknown}
 i - 2 potions of degeneration {unknown}
 l - a potion of lignification {unknown}
 m - 2 potions of curing {unknown}
 o - a potion of cancellation {unknown}
 q - a potion of flight {unknown}
 r - a potion of brilliance {unknown}


   Skills:
 + Level 5.1 Dodging
 - Level 2.4 Stealth
 * Level 8.0 Spellcasting
 * Level 7.8 Conjurations
 - Level 2.0 Hexes
 - Level 2.0 Translocations


You had 9 spell levels left.
You knew the following spells:

 Your Spells              Type           Power      Damage    Failure   Level
a - Magic Dart            Conj           100%       1d8       1%          1
b - Searing Ray           Conj           100%       2d8       1%          2
c - Fulminant Prism       Conj/Hex       17%        3d11      14%         4
d - Iskenderun's Mystic   Conj/Tloc      35%        2d8       14%         4
e - Tukima's Dance        Hex            20%        N/A       13%         3

Your spell library contained the following spells:

 Spells                   Type           Power      Damage    Failure   Level
 Apportation              Tloc           40%        N/A       4%          1
 Dazzling Flash           Conj/Hex       70%        N/A       4%          3
 Stone Arrow              Conj/Erth      60%        3d10      6%          3
 Animate Skeleton         Necr           20%        N/A       10%         1
 Sandblast                Erth           20%        2d7       10%         1
 Summon Small Mammal      Summ           40%        N/A       10%         1
 Passwall                 Tmut/Erth      8%         N/A       16%         2
 Summon Guardian Golem    Hex/Summ       15%        N/A       21%         3
 Call Canine Familiar     Summ           10%        N/A       30%         3
 Passage of Golubria      Tloc           20%        N/A       41%         4
 Anguish                  Hex/Necr       7%         N/A       54%         4
 Yara's Violent Unravell  Hex/Tmut       7%         3d5       88%         5
 Enfeeble                 Hex            10%        N/A       100%        7


Dungeon Overview and Level Annotations

Branches:
Dungeon (5/15)
 Temple: D:4-7

Altars:

Annotations:
D:5 Ijyb


Message History

Magic restored.
a - a scroll labelled WASUON ELOGARCH Ijyb the Twisted Goblin comes into view.
She is wielding a +0 dagger and carrying a wand of acid (3).
Ijyb shouts!
A shadow imp comes into view.
The shadow imp shouts!
There are monsters nearby!
Ijyb zaps a wand.
The bolt of acid hits you!
Ijyb is nearby!
Casting: Searing Ray (safe; 1% risk of failure)
Confirm with . or Enter, or press ? or * to list all spells.
Aiming: Searing Ray (safe; 1% risk of failure)
Press: ? - help, Shift-Dir - straight line, f - Ijyb
Aim: Ijyb, wielding a +0 dagger, wearing a +0 ring mail and carrying a wand of acid (2) (81% to hit)
The searing ray hits Ijyb.
Ijyb is moderately wounded. (Press . to maintain the ray.)
The searing ray misses Ijyb.
Ijyb barely misses you.
Unknown command.
The searing ray hits Ijyb but does no damage.
Ijyb is moderately wounded.
Ijyb screams, "Me stronger than you!"
Ijyb zaps a wand.
The bolt of acid misses you.
Unknown command.
The searing ray hits Ijyb!
Ijyb is severely wounded.
You finish channelling your searing ray.
Ijyb hits you with a +0 dagger.
Unknown command.
Casting: Searing Ray (safe; 1% risk of failure)
Confirm with . or Enter, or press ? or * to list all spells.
Aiming: Searing Ray (safe; 1% risk of failure)
Press: ? - help, Shift-Dir - straight line, f/p - Ijyb
Aim: Ijyb, wielding a +0 dagger, wearing a +0 ring mail and carrying a wand of acid (1) (severely wounded, 81% to hit)
The searing ray hits Ijyb!
Ijyb is almost dead. (Press . to maintain the ray.) Ijyb zaps a wand.
The bolt of acid hits you!!
Ouch! That really hurt!
You die...

#### #..# #..# ###.g#
#..5@#
..#.##.#############
....................#
..5..#...#...########
..............##
...#...........# ..
#...........# .
#...........#
#..........##


You could see Ijyb and a shadow imp.

Vanquished Creatures
  Pikel (D:4)
  2 ogres
  A scorpion (D:5)
  A water moccasin zombie (D:5)
  A water moccasin skeleton (D:5)
  A centaur zombie (D:5)
  A bullfrog skeleton (D:5)
  An orc priest (D:4)
  An iguana (D:4)
  A killer bee zombie (D:5)
  A hound skeleton (D:5)
  Robin (D:4)
  An adder (D:4)
  A shadow imp (D:5)
  An ufetubus (D:4)
  An adder zombie (D:5)
  A worm (D:2)
  A dart slug (D:2)
  8 orcs
  8 ball pythons
  3 bats
  5 endoplasms
  2 giant cockroaches
  11 hobgoblins
  8 jackals
  A quokka (D:1)
  2 frilled lizards
  12 goblins
  11 kobolds
  5 rats
95 creatures vanquished.

Notes
Turn   | Place    | Note
-------+----------+-------------------------------------------
     0 | D:1      | Zeld the Deep Elf Conjurer began the quest for the Orb.
     0 | D:1      | Reached XP level 1. HP: 10/10 MP: 6/6
   373 | D:1      | Reached XP level 2. HP: 15/15 MP: 5/8
   615 | D:1      | Learned a level 2 spell: Searing Ray
  1289 | D:2      | Reached XP level 3. HP: 19/19 MP: 8/10
  1527 | D:2      | Reached skill level 1 in Hexes
  1775 | D:2      | Reached skill level 1 in Translocations
  2367 | D:3      | Reached skill level 4 in Spellcasting
  2404 | D:3      | Reached skill level 5 in Conjurations
  3102 | D:4      | Reached XP level 4. HP: 24/24 MP: 8/12
  3181 | D:4      | Noticed Robin
  3196 | D:4      | Killed Robin
  3455 | D:4      | Learned a level 4 spell: Fulminant Prism
  3460 | D:4      | Learned a level 4 spell: Iskenderun's Mystic Blast
  3836 | D:4      | Noticed an ogre
  3900 | D:4      | Reached XP level 5. HP: 28/28 MP: 3/13
  4399 | D:5      | Entered Level 5 of the Dungeon
  4407 | D:5      | HP: 1/28 [hound skeleton (1)]
  4809 | D:5      | Reached skill level 5 in Spellcasting
  4813 | D:5      | Learned a level 3 spell: Tukima's Dance
  5037 | D:4      | Killed an ogre
  5038 | D:4      | Reached XP level 6. HP: 24/32 MP: 2/16
  5320 | D:5      | Reached skill level 6 in Spellcasting
  5579 | D:5      | Reached XP level 7. HP: 31/36 MP: 12/18
  5694 | D:5      | Noticed Pikel
  5835 | D:4      | Killed Pikel
  5836 | D:4      | Reached skill level 5 in Dodging
  5836 | D:4      | Reached skill level 8 in Spellcasting
  5836 | D:4      | Reached XP level 8. HP: 11/41 MP: 9/22
  6245 | D:5      | Noticed Ijyb
  6252 | D:5      | Killed from afar by Ijyb

Illustrated notes

Levels and vault maps discovered:
D:1:      minmay_arrival_shattered_statue, layout_loops_ring
D:2:      layout_basic, chequers_serial_rivers_micro_a, supply_closet_lemuel,
          minmay_liquid_box
D:3:      layout_basic, hangedman_decor_clover_reticule
D:4:      layout_loops_ring, hangedman_decor_diamond_cutter, uniq_robin
D:5:      layout_rooms, uniq_ijyb, uniq_pikel

Skill      XL: |  1  2  3  4  5  6  7 |
---------------+----------------------+-----
Hexes          | 1 2 |  2.0
Translocations | 1 2 |  2.0
Spellcasting   | 4 5 6 8 |  8.0
Conjurations   | 5 6 7 |  7.8
Dodging        | 3 4 5 |  5.1
Stealth        | |  2.4

Action                   |  1- 3 |  4- 6 |  7- 9 || total
-------------------------+-------+-------+-------++-------
Melee: Unarmed           |     4 |       |       ||     4
 Cast: Magic Dart        |   108 |    35 |       ||   143
       Searing Ray       |       |    18 |    11 ||    29
       Tukima's Dance    |       |     4 |     4 ||     8
Armor: Robe              |     4 |     2 |     2 ||     8
Dodge: Dodged            |    12 |    22 |    13 ||    47
Block: Other             |     7 |     7 |     1 ||    15
       Reflection        |     1 |       |       ||     1
